AoeStats
← ccereal

Lombardia

510153647Analyzed
3v3 RM · 3d ago on Sep 29, 2026· 21m 28s· 6 players
Game mode
Random Map
Map size
Normal (6 player)
Population
200
Speed
Normal
Resources
Standard
Victory
Conquest
Starting age
Dark Age
Ending age
Imperial Age
RankedLock teamsTeams togetherTeam positionsShared explorationLock speedFull tech treeHidden civsTurbo modeCheats
Victory
Defeat
🇪🇸 Varangians · Spain
1909
+3
🇲🇽 Cumans · Mexico
1861
+4
🇲🇽 Byzantines · Mexico
1787
+7
🇫🇷 Vikings · France
1587
-6
🇫🇷 Dravidians · France
1557
-5
🇫🇷 Britons · France
1466
-3
Baldeitus
6:31 Loom
8:54 Feudal Age
9:25 Double-Bit Axe
13:25 Fletching
21:36 Castle Age
VN_DarK_KnighT_
8:06 Feudal Age
8:54 Double-Bit Axe
11:20 Horse Collar
14:56 Loom
16:05 Wheelbarrow
19:13 Castle Age
18:07 Bloodlines
18:23 Scale Barding Armor
19:28 Forging
20:51 Chain Barding Armor
VN_KoNFeR
9:19 Feudal Age
8:27 Loom
10:42 Double-Bit Axe
13:37 Bloodlines
17:56 Wheelbarrow
18:39 Forging
22:32 Castle Age
21:08 Gold Mining
tony le gros rou
11:01 Feudal Age
14:49 Castle Age
13:23 Double-Bit Axe
ccereal
0:50 Loom
10:19 Feudal Age
10:57 Double-Bit Axe
11:51 Town Watch
16:31 Castle Age
18:14 Bow Saw
Flybidi
8:56 Loom
10:41 Feudal Age
15:06 Castle Age
14:34 Double-Bit Axe
16:21 Fletching
Connection lost

Rejoining the realm…

Still unreachable

The connection could not be restored.

Session expired

The server has moved on; the page needs a fresh start.